 Dungeon Crawl Stone Soup version 0.25-a0-1002-gbcf8c60d55 (webtiles) character file.

Game seed: 18214796018208968182, levelgen mode: deterministic

29542 P0NYSLAYSTATION the Spear-Bearer (level 13, -6/116 HPs)
             Began as a Minotaur Monk on May 10, 2020.
             Was a High Priest of Yredelemnul.
             Mangled by a frost giant
             ... wielding a +6 battleaxe of freezing
              (16 damage)
             ... in an ice cave on May 11, 2020.
             The game lasted 01:22:04 (16168 turns).

P0NYSLAYSTATION the Spear-Bearer (Minotaur Monk)   Turns: 16168, Time: 01:22:05

Health: -6/116     AC: 10    Str: 30    XL:     13   Next: 15%
Magic:  18/18      EV: 16    Int: 10    God:    Yredelemnul [*****.]
Gold:   485        SH:  0    Dex: 15    Spells: 16/20 levels left

rFire    . . .     SeeInvis .   H - +5 spear (freeze)
rCold    . . .     Gourm    .   (no shield)
rNeg     . . .     Faith    .   N - +1 leather armour "Hizacs" {Regen+ Str+9}
rPois    .         Spirit   .   p - +1 hat {MR+}
rElec    .         Reflect  .   q - +0 cloak
rCorr    .         Harm     .   h - +0 pair of gloves
MR       +....                  C - +0 pair of boots
Stlth    +++.......             e - amulet of rage
HPRegen  0.69/turn              O - +3 ring of strength
MPRegen  0.16/turn              I - +2 ring of intelligence

@: injury mirror, berserk cooldown, slowed, very slow
A: retaliatory headbutt, horns 2
a: Recall Undead Slaves, Injury Mirror, Animate Dead, Drain Life, Enslave Soul,
Renounce Religion, Evoke Berserk Rage


You were in an ice cave.
You worshipped Yredelemnul.
Yredelemnul was extremely pleased with you.
You were not hungry.

You visited 3 branches of the dungeon, and saw 18 of its levels.
You also visited: Ice Cave.

You collected 816 gold pieces.
You spent 331 gold pieces at shops.

Inventory:

Hand Weapons
 H - a +5 spear of freezing (weapon)
Missiles
 f - 4 throwing nets
 Q - 11 boomerangs (quivered)
Armour
 d - the +8 chain mail of Gozag's Fury {Int+3 Dex+2}
   (You found it on level 3 of the Lair of Beasts)

   It affects your intelligence (+3).
   It affects your dexterity (+2).
 h - a +0 pair of gloves (worn)
 p - a +1 hat of magic resistance (worn)
 q - a +0 cloak (worn)
 C - a +0 pair of boots (worn)
 N - the +1 leather armour "Hizacs" (worn) {Regen+ Str+9}
   (You found it on level 7 of the Dungeon)

   It affects your strength (+9).
   It increases your rate of regeneration.
Jewellery
 b - an uncursed amulet of faith
 e - an amulet of rage (around neck)
 v - an uncursed ring of see invisible
 I - a +2 ring of intelligence (right hand)
 O - a +3 ring of strength (left hand)
 R - an uncursed amulet of guardian spirit
 T - an uncursed amulet of magic regeneration {unknown}
 Y - an uncursed ring of poison resistance
Wands
 o - a wand of disintegration (43)
 y - a wand of enslavement (10)
 F - a wand of random effects (12)
 K - a wand of clouds (10)
 M - a wand of acid (21)
 S - a wand of flame (14)
 V - a wand of iceblast (6)
Scrolls
 i - 14 scrolls of teleportation
 j - 3 scrolls of remove curse
 k - 5 scrolls of amnesia
 m - 2 scrolls of noise {unknown}
 n - 3 scrolls of blinking {unknown}
 s - 7 scrolls of immolation
 u - 2 scrolls of enchant weapon {unknown}
 z - a scroll of vulnerability {unknown}
 A - a scroll of random uselessness {unknown}
 E - a scroll of holy word {unknown}
 J - 4 scrolls of magic mapping {unknown}
 P - a scroll of torment {unknown}
 X - 3 scrolls of fog {unknown}
Potions
 g - a potion of magic {unknown}
 l - 2 potions of heal wounds
 r - 2 potions of lignification {unknown}
 t - 2 potions of might {unknown}
 w - a potion of degeneration {unknown}
 x - 3 potions of haste {unknown}
 B - 3 potions of stabbing {unknown}
 D - 7 potions of curing {unknown}
 G - a potion of berserk rage
 L - 3 potions of brilliance {unknown}
 U - a potion of mutation {unknown}
 Z - a potion of flight {unknown}
Miscellaneous
 W - a phial of floods
Comestibles
 a - 16 chunks of flesh
 c - 19 rations


   Skills:
 + Level 11.3 Fighting
   Level 5.8(6.9) Short Blades
   Level 6.0(7.3) Long Blades
 * Level 14.0 Polearms
 + Level 4.8 Throwing
 + Level 7.8 Armour
 + Level 7.1 Dodging
 + Level 6.3 Stealth
 + Level 4.4 Spellcasting
 - Level 5.0 Necromancy
 + Level 0.9 Invocations
 + Level 0.7 Evocations


You had 16 spell levels left.
You knew the following spells:

 Your Spells              Type           Power        Failure   Level  Hunger
a - Freeze                Ice            #...         26%         1    #......
b - Animate Skeleton      Necr           N/A          3%          1    #......
c - Song of Slaying       Chrm           #.......     38%         2    ##.....

Your spell library contained the following spells:

 Spells                   Type           Power        Failure   Level  Hunger
 Apportation              Tloc           #.....       26%         1    #......
 Corona                   Hex            #......      26%         1    #......
 Foxfire                  Conj/Fire      #...         26%         1    #......
 Magic Dart               Conj           #...         26%         1    #......
 Sandblast                Erth           #.....       26%         1    #......
 Summon Small Mammal      Summ           #...         26%         1    #......
 Passwall                 Tmut/Erth      #.......     38%         2    ##.....
 Searing Ray              Conj           #.....       38%         2    ##.....
 Confusing Touch          Hex            #.......     63%         3    ###....
 Conjure Flame            Conj/Fire      #.......     63%         3    ###....
 Dazzling Flash           Conj/Hex       #.....       63%         3    ###....
 Frozen Ramparts          Ice            #.....       63%         3    ###....
 Gell's Gravitas          Tloc           #.........   63%         3    ###....
 Inner Flame              Hex/Fire       #.......     63%         3    ###....
 Mephitic Cloud           Conj/Pois/Air  #.......     63%         3    ###....
 Ozocubu's Armour         Chrm/Ice       #.......     63%         3    ###....
 Static Discharge         Conj/Air       #.......     63%         3    ###....
 Stone Arrow              Conj/Erth      #.....       63%         3    ###....
 Fulminant Prism          Conj/Hex       #.........   95%         4    #####..
 Hailstorm                Conj/Ice       #.......     95%         4    #####..
 Iskenderun's Mystic Bla  Conj/Tloc      #.......     95%         4    #####..
 Petrify                  Tmut/Erth      #.......     95%         4    #####..
 Sticky Flame             Conj/Fire      #.......     95%         4    #####..
 Summon Ice Beast         Ice/Summ       #.......     95%         4    #####..
 Fireball                 Conj/Fire      #.........   100%        5    ######.
 Lee's Rapid Deconstruct  Erth           #.........   100%        5    ######.
 Metabolic Englaciation   Hex/Ice        #.........   100%        5    ######.
 Yara's Violent Unravell  Hex/Tmut       #.........   100%        5    ######.
 Starburst                Conj/Fire      #.........   100%        6    #######


Dungeon Overview and Level Annotations

Branches:
Dungeon (13/15)            Temple (1/1) D:6            Lair (4/6) D:11
 Shoals (0/4) Lair:3        Snake (0/4) Lair:2          Orc (0/2) D:11
  IceCv (1/1)
 Vaults: D:13-14

Altars:
Ashenzari
Cheibriados
Dithmenos
Elyvilon
Fedhas
Gozag
Hepliaklqana
Kikubaaqudgha
Makhleb
Nemelex Xobeh
Okawaru
Qazlal
Ru
Sif Muna
Trog
Uskayaw
Vehumet
Wu Jian
Xom
Yredelemnul
Zin
The Shining One
Lugonu

Shops:
D:5 }   D:8 %   D:9 =?   D:12 [

Annotations:
D:8 Maggie
D:9 2 transporters


Innate Abilities, Weirdness & Mutations

You reflexively headbutt those who attack you in melee.
You have a pair of horns on your head.


Message History

Something freezes your polar bear skeleton.
Your polar bear skeleton is destroyed!
Your polar bear skeleton crumbles into dust!
The frost giant points at you and mumbles some strange words.
The bolt of cold hits your wolf skeleton.
Your wolf skeleton resists.
Your wolf skeleton is destroyed!
The bolt of cold hits you!!
* * * LOW HITPOINT WARNING * * *
You feel much better.
Eat one of 17 chunks of flesh? (ye/n/q)
You eat one of the 17 chunks of flesh.
This raw flesh tastes terrible.
The frost giant points at you and mumbles some strange words.
The bolt of cold misses you.
You offer yourself to Yredelemnul, and are filled with unholy energy.
The frost giant hits you with a +6 battleaxe of freezing!!!
* * * LOW HITPOINT WARNING * * *
The frost giant freezes you!
You die...
Your body rises from the dead as a mindless zombie.

#○○○## #≈≈≈≈≈#
≈Z### ##≈≈#≈#≈≈
#○°####≈≈≈≈≈≈≈≈
°☼###≈≈≈≈≈≈≈≈≈≈
.### ≈≈≈≈#≈≈#
.≈≈####≈≈≈##### #
###≈≈#≈≈≈##...###
h#
##≈Z≈≈#≈..##..##
h..
#≈≈≈#Z≈Z#####.@#


Yh.. #≈≈≈#######Z.#.C######## .h.h# ≈≈≈###.###Z#..#...##..C##..h# ###
#.ZZ#.########.C.##†h.# ##.#Z## ########## ##### You could see a frost giant.

Vanquished Creatures
  Gastronok (Lair:3)
  Erolcha (D:12)
  Harold (Lair:2)
  A two-headed ogre (D:11)
  A manticore (D:12)
  An ugly thing (D:11)
  Maurice (D:12)
  A black mamba (Lair:2)
  A centaur zombie (D:12)
  A centaur skeleton (D:11)
  2 kobold demonologists
  A rime drake (Lair:4)
  4 spiny frogs
  4 komodo dragons
  17 polar bears
  A troll (D:11)
  A hornet (D:10)
  6 blink frogs
  6 hippogriffs
  A wyvern (Lair:3)
  20 yaks
  3 wraiths
  2 hogs (D:7)
  A basilisk (Lair:1)
  A human (D:7)
  3 vampire mosquitoes (D:12)
  Grum (D:8)
  2 wargs (D:11)
  A naga (Lair:2)
  2 water moccasins
  4 porcupines
  6 ice beasts
  A sky beast (D:10)
  3 orc warriors
  A black bear (D:6)
  A hornet zombie (D:6)
  2 phantoms
  5 necrophages
  4 ogres
  11 centaurs
  5 crocodiles
  19 wolves
  4 big kobolds
  7 bullfrogs
  A wyvern skeleton (D:10)
  A water moccasin zombie (D:5)
  2 scorpions
  6 wights
  8 killer bees
  A howler monkey (D:8)
  2 bullfrog zombies (D:6)
  8 crimson imps
  5 hounds
  4 orc priests
  3 human zombies (D:10)
  7 orc wizards
  A human skeleton (D:10)
  An iguana (D:9)
  Natasha (thrice) (D:4)
  4 worker ants
  A hound zombie (D:6)
  A mummy (D:10)
  A howler monkey zombie (D:10)
  Robin (D:2)
  3 gnolls (D:7)
  13 adders
  2 shadow imps
  4 oozes
  An adder zombie (D:6)
  4 worms
  A dart slug (D:3)
  4 leopard geckos
  40 orcs
  8 bats
  8 giant cockroaches
  19 goblins
  7 hobgoblins
  29 kobolds
  7 quokkas
  3 ball pythons
  6 frilled lizards
  A giant cockroach zombie (D:6)
  A leopard gecko skeleton (D:4)
  A quokka skeleton (D:6)
  10 rats
395 creatures vanquished.

Vanquished Creatures (collateral kills)
  Joseph (D:10)
  3 spiny frogs
  2 komodo dragons
  A blink frog (Lair:3)
  A hippogriff (Lair:2)
  A snapping turtle (Lair:3)
  A wraith (D:10)
  A yak (Lair:2)
  A vampire mosquito (D:12)
  A naga (Lair:2)
  A water moccasin (D:10)
  A wolf (IceCv)
  A necrophage (D:10)
  A centaur (D:10)
  A crocodile (Lair:4)
  A bullfrog (Lair:2)
  A big kobold (D:12)
  2 wights (D:12)
  A crimson imp (D:10)
  A jelly (D:10)
  A human zombie (D:10)
  2 orc wizards (D:10)
  A human skeleton (D:10)
  A worker ant zombie (D:11)
  3 orcs
  An orc skeleton (D:10)
  2 fungi (Lair:2)
35 creatures vanquished.

Vanquished Creatures (others)
  4 flying skulls
  2 wights (D:12)
  A bush (D:6)
  7 plants (D:6)
14 creatures vanquished.

Grand Total: 444 creatures vanquished

Notes
Turn   | Place    | Note
-------+----------+-------------------------------------------
     0 | D:1      | P0NYSLAYSTATION the Minotaur Monk began the quest for the
                  | Orb.
     0 | D:1      | Reached XP level 1. HP: 19/19 MP: 0/0
   322 | D:1      | Reached XP level 2. HP: 27/27 MP: 1/1
   640 | D:1      | Reached XP level 3. HP: 33/33 MP: 2/2
   668 | D:2      | Reached skill level 1 in Armour
   972 | D:4      | Noticed an ice beast
   981 | D:4      | Killed an ice beast
   981 | D:4      | Reached skill level 5 in Long Blades
   981 | D:4      | Reached XP level 4. HP: 14/41 MP: 3/3
   981 | D:4      | Reached XP level 5. HP: 16/47 MP: 4/4
  1281 | D:5      | Entered Level 5 of the Dungeon
  1281 | D:5      | Noticed an ogre
  1382 | D:6      | Noticed a black bear
  1408 | D:6      | Killed a black bear
  1408 | D:6      | Reached XP level 6. HP: 34/53 MP: 5/5
  1455 | D:5      | Reached skill level 5 in Fighting
  1678 | D:5      | Found a hazy altar of Hepliaklqana.
  1682 | D:5      | Found an ornate altar of the Wu Jian Council.
  1945 | D:5      | Reached XP level 7. HP: 18/61 MP: 6/6
  2166 | D:5      | Found Miqear's Gadget Shoppe.
  2250 | D:6      | Reached skill level 1 in Short Blades
  2252 | D:6      | Reached skill level 5 in Armour
  2448 | D:9      | Upgraded the game from 0.25-a0-990-g0adbbaad2a to
                  | 0.25-a0-1002-gbcf8c60d55
  2454 | D:9      | Found a white marble altar of Elyvilon.
  2461 | D:9      | Found a transporter.
  2482 | D:9      | Found Feeck's Magic Scroll Emporium.
  2485 | D:9      | Bought a scroll of identify for 32 gold pieces
  2485 | D:9      | Bought a scroll of identify for 32 gold pieces
  2485 | D:9      | Bought a scroll of identify for 32 gold pieces
  2496 | D:9      | Noticed a red ugly thing
  2497 | D:9      | Noticed a small abomination
  2498 | D:9      | Noticed a purple ugly thing
  2498 | D:9      | Found a transporter.
  2498 | D:9      | Noticed a cyan ugly thing
  2499 | D:9      | Found a corrupted altar of Lugonu.
  2499 | D:9      | Noticed a red ugly thing
  2518 | D:9      | Reached skill level 5 in Dodging
  2647 | D:10     | Entered Level 10 of the Dungeon
  2688 | D:8      | Found Pang's Food Emporium.
  2843 | D:8      | Reached XP level 8. HP: 30/70 MP: 7/7
  3142 | D:7      | Noticed a hippogriff
  3204 | D:8      | Noticed Maggie
  3246 | D:7      | Killed a hippogriff
  3799 | D:4      | Noticed Natasha
  3815 | D:4      | Killed Natasha
  3833 | D:4      | Reached skill level 5 in Short Blades
  3889 | D:4      | Noticed Natasha
  3894 | D:4      | Killed Natasha
  4238 | D:4      | Noticed Natasha
  4242 | D:4      | Killed Natasha
  4738 | D:2      | You fall into a shaft and drop 1 floor!
  4869 | D:4      | Found a snail-covered altar of Cheibriados.
  5308 | D:6      | Found a shadowy altar of Dithmenos.
  5385 | D:6      | Reached skill level 1 in Polearms
  5515 | D:6      | Found a blossoming altar of Fedhas.
  5581 | D:6      | Found a staircase to the Ecumenical Temple.
  5611 | Temple   | Entered the Ecumenical Temple
  5671 | Temple   | Became a worshipper of Yredelemnul the Dark
  5671 | Temple   | Reached * piety under Yredelemnul
  5671 | Temple   | Reached ** piety under Yredelemnul
  6453 | D:2      | Learned a level 1 spell: Freeze
  6479 | D:2      | Noticed Robin
  6486 | D:2      | Killed Robin
  6974 | D:6      | Reached skill level 2 in Polearms
  6974 | D:6      | Reached XP level 9. HP: 55/79 MP: 8/8
  7227 | D:6      | Found a bloodstained altar of Trog.
  7245 | D:6      | Found an ancient bone altar of Kikubaaqudgha.
  7319 | D:6      | Reached skill level 3 in Polearms
  7336 | D:6      | Reached *** piety under Yredelemnul
  7336 | D:6      | Reached skill level 4 in Polearms
  7452 | D:7      | Reached skill level 5 in Polearms
  7556 | D:7      | Got a steaming leather armour
  7557 | D:7      | Identified the cursed +1 leather armour "Hizacs" {Regen+
                  | Str+9} (You found it on level 7 of the Dungeon)
  7703 | D:7      | Reached skill level 6 in Polearms
  7720 | D:7      | Reached skill level 7 in Polearms
  8289 | D:8      | Reached skill level 8 in Polearms
  8290 | D:8      | Noticed Grum
  8299 | D:8      | Killed Grum
  8503 | D:8      | Found a blossoming altar of Fedhas.
  8758 | D:9      | Reached skill level 1 in Throwing
  8758 | D:9      | Reached XP level 10. HP: 80/88 MP: 9/9
  8899 | D:9      | Reached skill level 9 in Polearms
  8905 | D:9      | Found Cyolluk's Jewellery Shoppe.
  8908 | D:9      | Bought a +3 ring of strength for 235 gold pieces
  8953 | D:9      | Learned a level 1 spell: Animate Skeleton
  9153 | D:10     | Noticed Joseph
  9277 | D:10     | Reached **** piety under Yredelemnul
  9400 | D:10     | Reached skill level 10 in Polearms
  9489 | D:10     | Received a gift from Yredelemnul (4 flying skulls)
  9561 | D:10     | Reached skill level 1 in Necromancy
  9568 | D:10     | Killed Joseph
  9568 | D:10     | Reached skill level 11 in Polearms
  9619 | D:10     | Reached skill level 1 in Spellcasting
  9652 | D:10     | Found an ancient bone altar of Kikubaaqudgha.
  9712 | D:10     | Noticed a sixfirhy
  9886 | D:10     | Received a gift from Yredelemnul (a wight)
 10305 | D:11     | Noticed a two-headed ogre
 10322 | D:11     | Killed a two-headed ogre
 10322 | D:11     | Reached XP level 11. HP: 95/95 MP: 10/12
 10323 | D:11     | Found a staircase to the Orcish Mines.
 10398 | D:11     | Noticed a purple ugly thing
 10407 | D:11     | Killed a purple ugly thing
 10407 | D:11     | Reached skill level 12 in Polearms
 10649 | D:11     | Found a staircase to the Lair.
 10698 | D:11     | Reached ***** piety under Yredelemnul
 10886 | D:11     | Received a gift from Yredelemnul (a wraith)
 11442 | D:12     | Received a gift from Yredelemnul (a wight)
 11552 | D:12     | Found Hetup's Antique Armour Boutique.
 11720 | D:12     | Noticed Erolcha
 11728 | D:12     | Killed Erolcha
 11857 | D:12     | Noticed Maurice
 11868 | D:12     | Killed Maurice
 12423 | Lair:1   | Entered Level 1 of the Lair of Beasts
 12721 | Lair:1   | Reached skill level 13 in Polearms
 13231 | Lair:2   | Reached XP level 12. HP: 106/106 MP: 15/15
 13251 | Lair:2   | Reached skill level 5 in Stealth
 13295 | Lair:2   | Found a staircase to the Snake Pit.
 13336 | Lair:2   | Noticed Harold
 13350 | Lair:2   | Received a gift from Yredelemnul (a wight)
 13356 | Lair:2   | Killed Harold
 13356 | Lair:2   | Reached skill level 10 in Fighting
 13864 | Lair:2   | Received a gift from Yredelemnul (a wight)
 14253 | Lair:3   | Noticed Gastronok
 14387 | Lair:3   | Killed Gastronok
 14562 | Lair:3   | Found a staircase to the Shoals.
 14893 | Lair:3   | Got a smoking chain mail
 14904 | Lair:3   | Identified the +8 chain mail of Gozag's Fury {Int+3 Dex+2}
                  | (You found it on level 3 of the Lair of Beasts)
 15563 | Lair:4   | Found a frozen archway.
 15616 | IceCv    | Entered an ice cave
 15659 | IceCv    | Identified Sif Muna's Tome of Lethal Good Luck
 15664 | IceCv    | Learned a level 2 spell: Song of Slaying
 15784 | IceCv    | Reached XP level 13. HP: 89/116 MP: 18/18
 15865 | IceCv    | Reached skill level 5 in Necromancy
 15956 | IceCv    | Reached skill level 14 in Polearms
 16141 | IceCv    | Noticed a frost giant
 16168 | IceCv    | Mangled by a frost giant

Illustrated notes

Levels and vault maps discovered:
D:1:      psy_arrival_whirlpool, layout_basic
D:2:      layout_rooms, kennysheep_generic_room_10, uniq_robin
D:3:      layout_rooms
D:4:      layout_basic, kennysheep_little_box, first_ration, minmay_distorted,
          uniq_natasha
D:5:      wad_pebble_path, layout_loops_ring, minitemple, serial_shops, shop
D:6:      layout_loops_ring, fedhas_altar_decomposition,
          grunt_dithmenos_smoke_and_mirrors, kennysheep_mini,
          minmay_temple_entry_arrows, basic_altar
D:7:      layout_basic, grunt_livestock, nrook_mini_vaults
D:8:      layout_gridville, basic_altar, serial_shops, nicolae_shop_stone,
          uniq_grum, uniq_maggie
D:9:      gammafunk_corrupted_shrine, layout_rooms, overflow_temple_1_default,
          serial_shops, kennysheep_mini_moat, nicolae_shop_behind_doors
D:10:     layout_stronghold, lemuel_mausoleum_altar_kikubaaqudgha, uniq_joseph
D:11:     layout_loops_ring, lair_entry_dummy, david_orc_3
D:12:     layout_irregular_city, serial_shops, shop, uniq_maurice, uniq_erolcha
D:13:     layout_roguey, nicolae_trove_entry_path_of_doom, serial_shops,
          nicolae_shop_stone, nicolae_shop_stone, st_stairs_7,
          kennysheep_generic_room_2, uniq_kirke, uniq_josephine
Temple:   regret_index_temple_waves
Lair:1:   layout_chaotic_city
Lair:2:   layout_gridlike, minmay_snake_entry_guardpost_small, uniq_harold
Lair:3:   layout_hall_layers, minmay_shoals_entry_hut, uniq_gastronok
Lair:4:   layout_cave_pods, portal_ice_cave_entry_animals_and_master,
          minivault_26
IceCv:    ice_cave_caverns_03

Skill      XL: |  1  2  3  4  5  6  7  8  9 10 11 12 13 |
---------------+----------------------------------------+-----
Long Blades    | 4 5 6 |  6.0
Fighting       | 4 5 6 7 8 9 11 | 11.3
Armour         | 2 3 4 5 7 |  7.8
Dodging        | 4 5 6 7 |  7.1
Short Blades   | 3 5 |  5.8
Stealth        | 2 3 4 6 |  6.3
Polearms       | 2 8 11 13 14 | 14.0
Throwing       | 1 2 4 |  4.8
Necromancy     | 1 3 4 5 |  5.0
Spellcasting   | 1 2 4 |  4.4
Invocations    | |  0.9
Evocations     | |  0.7

Action                   |  1- 3 |  4- 6 |  7- 9 | 10-12 | 13-15 || total
-------------------------+-------+-------+-------+-------+-------++-------
Melee: Falchion          |    75 |    29 |       |       |       ||   104
       Headbutt          |    10 |    10 |    72 |   177 |    28 ||   297
       Short sword       |       |    26 |   217 |       |       ||   243
       Spear             |       |       |   200 |   716 |   103 ||  1019
Throw: Stone             |       |       |    11 |    15 |       ||    26
       Boomerang         |       |       |       |    47 |       ||    47
 Cast: Animate Skeleton  |       |       |       |    75 |     8 ||    83
Invok: Recall Undead Sla |       |       |       |     1 |       ||     1
       Injury Mirror     |       |       |       |       |     1 ||     1
 Abil: Evoke Berserk Rag |       |       |     1 |     1 |     1 ||     3
Evoke: Wand              |       |       |       |     1 |       ||     1
  Use: Potion            |       |     2 |     2 |       |     2 ||     6
       Scroll            |       |     1 |    11 |     4 |       ||    16
 Stab: Sleeping          |     1 |       |     4 |    15 |     1 ||    21
       Distracted        |       |       |     1 |     7 |     1 ||     9
  Eat: Chunk             |       |     2 |    10 |    10 |     1 ||    23
       Ration            |       |     1 |     3 |     5 |       ||     9
Armor: Ring mail         |    18 |    18 |    83 |       |       ||   119
       Robe              |     1 |       |       |       |       ||     1
       Leather armour    |       |       |     6 |    49 |    11 ||    66
       Chain mail        |       |       |       |     2 |       ||     2
Dodge: Dodged            |    48 |    35 |   235 |   175 |    29 ||   522
       Rpst.: Falchion   |     8 |     4 |       |       |       ||    12

Table legend:
 A = Non-vault XP
 B = Vault XP
 C = Vault XP percentage of total XP
 D = Non-vault monster count
 E = Vault monster count
 F = Vault count percentage of total count
                 A         B        C        D         E       F
            +---------+---------+-------+---------+---------+-------
      Total |   25653 |   16550 |  39.2 |     328 |     100 |  23.4
            +---------+---------+-------+---------+---------+-------
        D:1 |      43 |       0 |   0.0 |      25 |       0 |   0.0
        D:2 |      69 |      38 |  35.5 |      25 |      13 |  34.2
        D:3 |      78 |       0 |   0.0 |      25 |       0 |   0.0
        D:4 |     633 |      37 |   5.5 |      27 |       3 |  10.0
        D:5 |     413 |       0 |   0.0 |      10 |       0 |   0.0
        D:6 |     604 |     553 |  47.8 |      19 |       7 |  26.9
        D:7 |     697 |     993 |  58.8 |      14 |       5 |  26.3
        D:8 |     683 |     396 |  36.7 |      15 |       3 |  16.7
        D:9 |     713 |       0 |   0.0 |      15 |       0 |   0.0
       D:10 |    3128 |     992 |  24.1 |      38 |      13 |  25.5
       D:11 |    2889 |     474 |  14.1 |      15 |       9 |  37.5
       D:12 |    4903 |    1464 |  23.0 |      48 |       2 |   4.0
     Lair:1 |    1943 |       0 |   0.0 |      12 |       0 |   0.0
     Lair:2 |    5119 |    1161 |  18.5 |      23 |       3 |  11.5
     Lair:3 |    1906 |    2173 |  53.3 |      10 |       2 |  16.7
     Lair:4 |    1832 |    1817 |  49.8 |       7 |       7 |  50.0
      IceCv |       0 |    6452 | 100.0 |       0 |      33 | 100.0
            +---------+---------+-------+---------+---------+-------
